[Event "Early-Titled-Tuesday-Blitz-January-30-2024"]
[Site "Chess.com"]
[Date "2024.01.30"]
[Round "10"]
[White "VitaliyChayka"]
[Black "ChessSkool"]
[Result "0-1"]
[WhiteElo "2446"]
[BlackElo "2705"]
[TimeControl "180+1"]
[EndTime "10:02:33 PST"]
[Termination "ChessSkool won on time"]

1. d4 d5 2. Bf4 c5 3. e3 cxd4 4. exd4 Nc6 5. c3 Bf5 6. Qb3 Qd7 7. Nf3 f6 8. Nbd2 g5 9. Bg3 h5 10. h4 g4 11. Nh2 Bh6 12. Be2 e6 13. Rd1 Nge7 14.
O-O Bg6 15. Rfe1 Kf7 16. Nhf1 Nf5 17. Qa3 Rhe8 18. Nb3 b6 19. Qa4 Rac8 20. Ba6 Rcd8 21.
Bb5 Nfe7 22. Qa6 Rf8 23. Ne3 Qc8 24. Qxc8 Rxc8 25. Nc1 Nb8 26. Be2 Nec6 27. Nd3 Rfd8 28. Bf4 Bxd3 29. Bxh6 Bxe2 30. Rxe2 Nd7 31. Bf4 Nf8 32.
f3 Ng6 33. Bg3 gxf3 34. gxf3 Nce7 35. Kf2 Rg8 36. Rde1 Nf8 37. Ng2 Neg6 38. Bd6 Rc6 39. Bxf8 Rxf8 40. Rg1 b5 41. a3 a5 42. f4 Ne7 43. Ne3 f5 44. Rg5 Rh8 45. Nf1 Ng8 46.
Ng3 Nf6 47. Kf3 Rc4 48. Rg2 Ng4 49. Nxh5 b4 50. axb4 axb4 51. Ng3 bxc3 52. bxc3 Rxc3+ 53. Ke2 Ra8 54. Nxf5 Ra2+ 55. Kd1 Rxg2 0-1

[Event "Early-Titled-Tuesday-Blitz-January-30-2024"]
[Site "Chess.com"]
[Date "2024.01.30"]
[Round "10"]
[White "Makswolf200817"]
[Black "GMBenjaminBok"]
[Result "0-1"]
[WhiteElo "2693"]
[BlackElo "2933"]
[TimeControl "180+1"]
[EndTime "10:02:34 PST"]
[Termination "GMBenjaminBok won by resignation"]

1. d4 Nf6 2. c4 e6 3. g3 c5 4. d5 d6 5. Nc3 exd5 6. cxd5 g6 7. Bg2 Bg7 8. Nf3 O-O 9. O-O Re8 10. Bf4 h6 11. Re1 g5 12. Bd2 Bf5 13. h4 g4 14.
Nh2 Nbd7 15. Nf1 Ne5 16. Qc1 h5 17. Bh6 a6 18. a4 b6 19. Bxg7 Kxg7 20. Qf4 Bg6 21. Ne3 Qd7 22. Qg5 b5 23. axb5 axb5 24.
Be4 Nh7 25. Qf4 b4 26. Rxa8 Rxa8 27. Nb1 Ra1 28. Kf1 Ra2 29. b3 Qd8 30. Nf5+ Kh8 31. Nd2 Qf6 32. Rd1 Nf8 33. Qh6+ Kg8 34. Qg5 Qxg5 35.
hxg5 Bxf5 36. Bxf5 Nh7 37. Ne4 c4 38. Nxd6 cxb3 39. Rb1 b2 40. Ne4 Ra1 41. Nd2 Nxg5 42. d6 Kf8 43. Kg2 Rxb1 44. Bxb1 Ke8 45. f4 gxf3+ 46.
exf3 Ne6 47. f4 Ng4 48. Nc4 Kd7 49. Bf5 Kc6 50. Kf3 Nd4+ 51. Ke4 Nxf5 52. Kxf5 b1=Q+ 53.
Kg5 Qg6+ 0-1

[Event "Early-Titled-Tuesday-Blitz-January-30-2024"]
[Site "Chess.com"]
[Date "2024.01.30"]
[Round "10"]
[White "Byniolus"]
[Black "Msb2"]
[Result "1-0"]
[WhiteElo "2852"]
[BlackElo "2997"]
[TimeControl "180+1"]
[EndTime "10:02:35 PST"]
[Termination "Byniolus won by checkmate"]

1. d4 d5 2. Nf3 e6 3. Bf4 c5 4. c3 Nc6 5. e3 Bd6 6. Bg3 Nge7 7. Nbd2 cxd4 8. cxd4 O-O 9. Bd3 Nf5 10. Bxf5 exf5 11. O-O f4 12. exf4 Qf6 13. Nb3 Bxf4 14. Bxf4 Qxf4 15.
Qd2 Qxd2 16. Nbxd2 f6 17. a3 Bf5 18. Rfe1 g5 19.
h3 h5 20. b4 b6 21. Rac1 Rac8 22. b5 Nb8 23. Nf1 Bd3 24. a4 Bc2 25. Ra1 Rfd8 26. Ne3 Be4 27. Nd2 Bg6 28. Rec1 Kf7 29. g4 hxg4 30.
hxg4 Ke6 31. Kg2 Nd7 32. a5 Bd3 33. Rc6+ Kf7 34. Nxd5 Bxb5 35. Rd6 Bc6 36. Kg3 Bxd5 37. Rxd5 Nf8 38. Rxd8 Rxd8 39. axb6 axb6 40. Nc4 b5 41. Ra7+ Kg6 42. Na3 b4 43. Nb5 Ne6 44. Rb7 Nf4 45.
f3 Re8 46. Kf2 Re2+ 47. Kf1 Rd2 48. Nd6 Ne6 49. Nf5 Rd3 50. d5 Rxd5 51. Ne7+ Kf7 52. Nxd5+ Kf8 53. Rxb4 Nd4 54. Rxd4 Kf7 55. Re4 f5 56.
gxf5 Kg7 57. Re6 Kh7 58. Kf2 Kg7 59. Kg3 Kf7 60. Kg4 Kg7 61. Kxg5 Kg8 62. Re7 Kf8 63.
f6 Kg8 64. Kg6 Kf8 65. f4 Kg8 66. Re8# 1-0

[Event "Early-Titled-Tuesday-Blitz-January-30-2024"]
[Site "Chess.com"]
[Date "2024.01.30"]
[Round "10"]
[White "CaspiIsrael"]
[Black "Perecke"]
[Result "0-1"]
[WhiteElo "2731"]
[BlackElo "2587"]
[TimeControl "180+1"]
[EndTime "10:02:35 PST"]
[Termination "Perecke won by checkmate"]

1. d4 Nf6 2. c4 e6 3. Nc3 d5 4. Nf3 dxc4 5. e4 b5 6. e5 Nd5 7.
Nxb5 Nb6 8. Nc3 Nc6 9. Be2 Be7 10. Qd2 O-O 11. Qf4 Bb7 12. Qg4 Kh8 13. h4 Nb4 14. Kf1 Rb8 15. Bg5 Nd3 16. b3 Nd5 17. bxc4 Nxe5 18.
Nxe5 Nxc3 19. Bd3 f5 20. Qh5 Kg8 21. Re1 Bf6 22. d5 Nxd5 23. cxd5 Qxd5 24. Bxf6 gxf6 25. Re3 fxe5 26. Rg3+ Kh8 27. Qh6 Rf7 28. Rhh3 e4 29. Be2 Ba6 30. Kg1 Bxe2 31. Qe3 f4 32. Qc3+ e5 33.
Rg5 Qd4 34. Qc6 Bb5 35. Rb3 a6 36. Qe6 Rbf8 37. Rxe5 Bd7 38. Qd5 Qxd5 39. Rxd5 Be6 40. Re5 Bxb3 41. axb3 e3 42. fxe3 fxe3 43. Rxe3 Rf1+ 44.
Kh2 Rb1 45. g3 Rb2+ 46. Kh3 Rb8 47. Re7 Rb7 48. Re8+ Kg7 49. Ra8 R2xb3 50. Rxa6 Rc3 51. h5 Rbb3 52. h6+ Kf7 53. Kh4 Rxg3 54. Rc6 Rh3+ 55. Kg5 Rbg3+ 56. Kf5 Rc3 57. Ra6 Rh5+ 58. Kg4 Rb5 59.
Ra7 Rb4+ 60. Kf5 Rc5# 0-1

[Event "Early-Titled-Tuesday-Blitz-January-30-2024"]
[Site "Chess.com"]
[Date "2024.01.30"]
[Round "10"]
[White "Matibar"]
[Black "K_A_S_T_O_R"]
[Result "0-1"]
[WhiteElo "2814"]
[BlackElo "2927"]
[TimeControl "180+1"]
[EndTime "10:02:36 PST"]
[Termination "K_A_S_T_O_R won by resignation"]

1. e4 c5 2. Nf3 d6 3. Bb5+ Nc6 4.
O-O Bd7 5. Re1 Nf6 6. c3 a6 7. Bc4 Bg4 8. d4 e6 9. d5 Bxf3 10. gxf3 Ne5 11. Bf1 exd5 12. f4 Ng6 13. exd5+ Be7 14.
c4 O-O 15. Qf3 Re8 16. Nc3 Bf8 17. Bd2 Qd7 18. Bh3 Qc7 19. b3 Rxe1+ 20. Rxe1 Re8 21.
Rxe8 Nxe8 22. Qg4 Ne7 23. Qd7 Qxd7 24. Bxd7 Nf6 25. Bh3 g6 26. f3 Bg7 27. Ne4 Nxe4 28. fxe4 f5 29. exf5 Nxf5 30. Kf2 Bd4+ 31. Kf3 Kf7 32.
Ke4 Ng7 33. Bc8 b6 34. Bxa6 Bg1 35. h3 Nf5 36. Bc8 Nd4 37. b4 cxb4 38. Bxb4 Ke7 39. Bc3 Ne2 40. Bb2 Bh2 41. Bg4 Nxf4 42. Bd4 h5 43.
Bc8 Kd8 44. Be6 Kc7 45. h4 Bg3 46. Bf6 Ng2 47. Kf3 Bxh4 48. Bg7 Ne1+ 49. Ke2 g5 50. Bf7 Ng2 51. Kf3 Nf4 52. Bh6 Kd7 53. Ke4 Ke7 54.
Bg8 Kf6 55. a4 Ng6 56. Bh7 g4 57. Bxg6 Kxg6 58. Bf4 Be7 59. c5 dxc5 60. d6 Bd8 61.
Kd5 Kf5 62. Bg3 h4 0-1

[Event "Early-Titled-Tuesday-Blitz-January-30-2024"]
[Site "Chess.com"]
[Date "2024.01.30"]
[Round "10"]
[White "GoValya"]
[Black "emeli_chess"]
[Result "0-1"]
[WhiteElo "2318"]
[BlackElo "2468"]
[TimeControl "180+1"]
[EndTime "10:02:36 PST"]
[Termination "emeli_chess won by resignation"]

1. d4 Nf6 2. g3 d5 3. Bg2 Bg4 4. h3 Bh5 5. c4 e6 6. Qb3 b6 7.
cxd5 exd5 8. Nc3 c6 9. Bg5 Be7 10. Bxf6 Bxf6 11. Nxd5 Bxd4 12. Rd1 Bc5 13. Nf4 Qg5 14.
Nxh5 Qxh5 15. Nf3 O-O 16. O-O Qg6 17. Ne5 Qf5 18. Nxc6 Nxc6 19. Bxc6 Rad8 20. Bg2 Rxd1 21. Qxd1 Qe5 22. Qb3 Qxe2 23. Bf3 Qe5 24. Kg2 g6 25. Rd1 Re8 26. Rd7 Re7 27. Rd8+ Kg7 28. Qd3 h5 29. b3 Qb2 30. Qd2 Qxd2 31. Rxd2 a5 32. h4 Re1 33. Re2 Rc1 34. Rd2 Kf6 35.
Re2 Kf5 36. Bd5 Kf6 37. Re4 Kg7 38. Rf4 f5 39. Bc4 Rc2 40. Rf3 Kf6 41. Kg1 Rxa2 42.
Kg2 Rc2 43. Kg1 a4 44. Kg2 a3 45. Bd3 Rb2 46. b4 Bxf2 47. Rxf2 Rxf2+ 48. Kxf2 a2 49. Kf3 a1=Q 50. Be2 Qc3+ 51. Kf2 Qxb4 52. Bf3 Qd4+ 53.
Kg2 b5 0-1

[Event "Early-Titled-Tuesday-Blitz-January-30-2024"]
[Site "Chess.com"]
[Date "2024.01.30"]
[Round "10"]
[White "Matols"]
[Black "toninhojit"]
[Result "1-0"]
[WhiteElo "2409"]
[BlackElo "2547"]
[TimeControl "180+1"]
[EndTime "10:02:37 PST"]
[Termination "Matols won on time"]

1. d4 Nf6 2. c4 c5 3. d5 e6 4.
Nc3 exd5 5. cxd5 d6 6. e4 g6 7. h3 Bg7 8. Nf3 O-O 9. Bd3 Re8 10. O-O a6 11. a4 c4 12. Bc2 Nbd7 13. Bf4 Nc5 14. Re1 b6 15. e5 dxe5 16. Nxe5 Bb7 17.
Nc6 Qd7 18. Ne5 Qd8 19. Nc6 Bxc6 20. dxc6 Rxe1+ 21. Qxe1 Ne6 22. Be5 Qe8 23. c7 Rc8 24.
Bxf6 Bxf6 25. Nd5 Bxb2 26. Rb1 Bd4 27. Qe4 b5 28. axb5 axb5 29. Rd1 Bg7 30. Qh4 Kh8 31. Nf6 Bxf6 32. Qxf6+ Kg8 33. Re1 Rxc7 34. h4 h5 35. Bxg6 fxg6 36. Rxe6 Qf7 37. Qd8+ Kg7 38. Re8 Rd7 39.
Qb8 Rd1+ 40. Kh2 Rd7 41. Qe5+ Qf6 42. Rg8+ Kf7 43. Rf8+ Kxf8 44. Qxf6+ Ke8 45. Qxg6+ Kd8 46. Qf6+ Kc8 47. Qc6+ Rc7 48. Qxb5 c3 49. Qe8+ Kb7 50. Qe4+ Kb8 51. Qc2 Kc8 52. Kh3 Kd7 53. f3 Ke7 54. g4 hxg4+ 55. fxg4 Ke6 56. h5 Ke5 57. Qh2+ Kd4 58. Qxc7 1-0

[Event "Early-Titled-Tuesday-Blitz-January-30-2024"]
[Site "Chess.com"]
[Date "2024.01.30"]
[Round "10"]
[White "amanjazu"]
[Black "hakanazeri2"]
[Result "0-1"]
[WhiteElo "2449"]
[BlackElo "2621"]
[TimeControl "180+1"]
[EndTime "10:02:38 PST"]
[Termination "hakanazeri2 won by resignation"]

1. g3 d5 2. Bg2 c6 3. f4 Nf6 4. Nf3 g6 5. O-O Bg7 6. d3 O-O 7. Nc3 Qb6+ 8. Kh1 Ng4 9. d4 Bf5 10. Nh4 Qxd4 11. Nxf5 gxf5 12. Qe1 e6 13. e3 Qb6 14. h3 Nf6 15. Bf3 h5 16. Qe2 Nbd7 17. Bxh5 Nxh5 18. Qxh5 Nf6 19. Qh4 Rfd8 20. g4 fxg4 21. hxg4 d4 22. g5 Nd5 23. Ne4 Nxe3 24. Nf6+ Kf8 25. Bxe3 dxe3 26. f5 Qd4 27. Qh5 Bxf6 28.
gxf6 Qxf6 29. fxe6 Qxe6 30. Rae1 Rd5 31. Qh8+ Ke7 32.
Qh4+ Kd7 33. Rf6 Qe7 34. Qh3+ Kc7 35. Qf3 Rh8+ 36. Kg1 Rg5+ 37. Kf1 Rh1+ 38. Ke2 Rxe1+ 39. Kxe1 e2 40. Rxf7 Rg1+ 41. Kd2 e1=Q+ 42. Kd3 Rg6 43. Qf4+ Rd6+ 44. Kc4 Qe6+ 45. Kc3 Q6xf7 46. Qa4 Qf3+ 47. Kb4 Qfe4+ 48. c4 Rd4+ 49. Kb3 Rd3+ 50. Kc2 Qe2+ 51. Kc1 Q7e3+ 0-1

[Event "Early-Titled-Tuesday-Blitz-January-30-2024"]
[Site "Chess.com"]
[Date "2024.01.30"]
[Round "10"]
[White "Gabrielian_Artur"]
[Black "Sam_ChessMood"]
[Result "0-1"]
[WhiteElo "2781"]
[BlackElo "2912"]
[TimeControl "180+1"]
[EndTime "10:02:39 PST"]
[Termination "Sam_ChessMood won on time"]

1. e4 c5 2. Nf3 d6 3. d4 cxd4 4. Nxd4 Nf6 5. Nc3 a6 6. Bc4 e6 7. Be3 b5 8. Bb3 Be7 9. f3 O-O 10. a3 Bd7 11. Qd2 Nc6 12. O-O-O Na5 13. g4 Rc8 14. Kb1 Nc4 15. Bxc4 Rxc4 16. h4 Qb8 17. h5 b4 18. axb4 Rxb4 19. Nb3 a5 20. g5 Ne8 21. h6 g6 22. Bc5 dxc5 23. Qxd7 Bxg5 24. Na2 Rb7 25. Qa4 Nd6 26. e5 c4 27. exd6 cxb3 28. cxb3 Bf6 29. Nc1 Rb4 30. Qxa5 Rd8 31. d7 Rb7 32. Qa4 Qe5 33. Rd2 Rbxd7 34. Rc2 Qf5 35. Qe4 Qa5 36. Qa4 Qd5 37. Qe4 Qa5 38. Qa4 Qb6 39. Re1 Ra7 40. Qc6 Qa5 41. Qa4 Qxe1 42. Qxa7 Qe5 43. Qc7 Qxc7 44. Rxc7 Bg5 45. b4 Bxh6 46. Nb3 Bf4 47. Rc4 g5 48. b5 h5 49. Nd4 h4 50. Nc6 Rd1+ 51. Ka2 h3 52. b6 Rd7 0-1

[Event "Early-Titled-Tuesday-Blitz-January-30-2024"]
[Site "Chess.com"]
[Date "2024.01.30"]
[Round "10"]
[White "chessdjw"]
[Black "xakevicius91"]
[Result "1-0"]
[WhiteElo "2741"]
[BlackElo "2593"]
[TimeControl "180+1"]
[EndTime "10:02:39 PST"]
[Termination "chessdjw won on time"]

1. d4 Nf6 2. Nf3 e6 3. c4 b6 4. g3 Bb7 5. Bg2 Be7 6. O-O O-O 7. Re1 Na6 8. Nc3 Ne4 9. Qc2 Nb4 10. Qb3 Nxc3 11. bxc3 Nc6 12. Qc2 h6 13. e4 Na5 14.
Nd2 Rc8 15. Bf1 d6 16. Nb3 Nc6 17. a4 a5 18. Be3 e5 19. Bh3 Rb8 20. Rad1 Qe8 21. Nd2 Bf6 22. d5 Nd8 23. f4 Bc8 24. Bxc8 Rxc8 25. f5 Nb7 26. g4 Bg5 27. Bxg5 hxg5 28. Nf3 f6 29. h4 gxh4 30. Nxh4 Kf7 31. Ng6 Rg8 32. Qh2 Nc5 33. Qh5 Nxa4 34. Kg2 Nc5 35.
Kf3 a4 36. Ra1 Ra8 37. g5 fxg5 38. Nxe5+ Kf6 39. Ng6 Rh8 40. Qg4 Nd7 41. Rg1 Ne5+ 42. Nxe5 Qxe5 43. Qxg5+ Kf7 44. Qg6+ Kf8 45. Rh1 Qxc3+ 46.
Kg4 Rg8 47. Raf1 Qf6 48. Rh3 a3 49. Rhh1 a2 50. Ra1 Qd4 51. Rhe1 Ra3 52. Qe6 Qf2 53.
Qc8+ Kf7 54. Qxc7+ Kf8 55. Qxd6+ Kf7 56. Qxa3 Qg2+ 57.
Qg3 1-0

[Event "Early-Titled-Tuesday-Blitz-January-30-2024"]
[Site "Chess.com"]
[Date "2024.01.30"]
[Round "10"]
[White "cristiano78"]
[Black "Sjakkerntobi"]
[Result "0-1"]
[WhiteElo "2296"]
[BlackElo "2521"]
[TimeControl "180+1"]
[EndTime "10:02:41 PST"]
[Termination "Sjakkerntobi won on time"]

1. d4 Nf6 2. c4 e6 3. Nf3 c5 4. d5 exd5 5. cxd5 d6 6. Nc3 g6 7. h3 Bg7 8. e4 O-O 9. Bd3 a6 10. a4 Re8 11. O-O Nbd7 12. Re1 Rb8 13. Bf4 Qc7 14. Rc1 Nh5 15. Bh2 Ne5 16. Nxe5 Bxe5 17.
Be2 Bxh2+ 18. Kxh2 Nf6 19. Bf3 b5 20. axb5 axb5 21. g3 b4 22. Nb1 Bd7 23. Nd2 Bb5 24. Nc4 Bxc4 25. Rxc4 Nd7 26. Bg2 Nb6 27. Rc1 c4 28. f4 Qc5 29. Re2 Ra8 30. Rec2 Ra2 31. Qe2 Qd4 32. Rd2 Qf6 33. Rxc4 Nxc4 34. Qxc4 Rxb2 35.
e5 Rxd2 36. exf6 Rb8 37. Qc1 Rf2 38. Kg1 Ra2 39. Qc7 Raa8 40. Qxd6 b3 41. Be4 b2 42.
Kf2 Re8 43. Bc2 Rac8 44. Bb1 Rc1 45. Ba2 Rc2+ 46. Kf3 Rc3+ 47. Kg4 h5+ 48. Kg5 Kh7 49. Qd7 Rf8 50. d6 Rxg3+ 51. Kh4 Rf3 52. Bxf7 Kh6 53. Bxg6 Rxf4+ 54. Kg3 Kxg6 55. Qg7+ Kf5 56. Qh7+ Ke5 0-1

[Event "Early-Titled-Tuesday-Blitz-January-30-2024"]
[Site "Chess.com"]
[Date "2024.01.30"]
[Round "10"]
[White "GOGIEFF"]
[Black "SantoBlue"]
[Result "1-0"]
[WhiteElo "3012"]
[BlackElo "2971"]
[TimeControl "180+1"]
[EndTime "10:02:42 PST"]
[Termination "GOGIEFF won by resignation"]

1. d4 d6 2. Nf3 Nf6 3. c4 g6 4. Nc3 Bg7 5. e4 Bg4 6. Be2 Nbd7 7. Be3 Bxf3 8. Bxf3 e5 9. d5 h5 10. Qd2 Ng4 11. Bxg4 hxg4 12. O-O-O a6 13. Qe2 f5 14. f3 gxf3 15. Qxf3 Qf6 16. g4 f4 17. Bf2 g5 18. a3 Nc5 19. b4 Nb3+ 20.
Kc2 Nd4+ 21. Bxd4 exd4 22. e5 Qxe5 23. Rde1 dxc3 24. Qxc3 O-O-O 25. Rxe5 Bxe5 26. Qf3 Bd4 27. Qe4 Be3 28. Qf5+ Kb8 29. Qxg5 Rdg8 30. Qf5 Rh3 31. g5 Rh4 32. h3 Ka7 33. Kb3 Bf2 34. a4 Bg3 35. a5 Rh5 36. Qf7 Rhxg5 37. Qxc7 f3 38.
b5 Bf2 39. bxa6 Kxa6 40. Qxd6+ Ka7 41. Rf1 R8g6 42. Qxg6 Rxg6 43. Rxf2 Rg3 44. h4 Rh3 45. Kb4 Ka6 46. h5 b6 47. axb6 Kxb6 48. h6 Kc7 49. h7 Kd6 50. Rxf3 Rxh7 51. Rf6+ Ke5 52. Re6+ Kd4 53. Rb6 Rc7 54. Rc6 Rb7+ 55. Ka5 Rb8 56. d6 Ke5 57. c5 Kd5 58. Rc7 Ke6 59. d7 Kd5 60. c6 Kc5 61. Ka4 Kc4 62. Ka3 Kc3 63.
Ra7 Rb1 64. Ka2 Rb2+ 65. Ka1 Rd2 66. c7 Kb3 67. Rb7+ Ka3 68. c8=Q 1-0

[Event "Early-Titled-Tuesday-Blitz-January-30-2024"]
[Site "Chess.com"]
[Date "2024.01.30"]
[Round "10"]
[White "Cheer_Down"]
[Black "Doublekk14"]
[Result "0-1"]
[WhiteElo "2455"]
[BlackElo "2293"]
[TimeControl "180+1"]
[EndTime "10:02:42 PST"]
[Termination "Doublekk14 won by resignation"]

1. e4 c5 2. Nf3 e6 3. d4 cxd4 4. Nxd4 Nf6 5. Nc3 Nc6 6. Bf4 Bc5 7. Ndb5 O-O 8. Bd6 Bxd6 9. Nxd6 Qb6 10. Rb1 a6 11. Be2 Ne8 12. O-O Qc7 13. Nxe8 Rxe8 14. Qd3 b5 15. Rbd1 Ne5 16. Qg3 d6 17. Rd4 Bb7 18.
Rfd1 Rad8 19. h4 Rd7 20. a3 Red8 21. f4 Nc6 22. R4d2 Na5 23. f5 exf5 24. exf5 f6 25. Kh2 Nc4 26. Bxc4+ Qxc4 27. Nd5 Bxd5 28. Rxd5 Qxc2 29.
Rxd6 Qxf5 30. Rxd7 Rxd7 31. Qb8+ Kf7 32. Rxd7+ Qxd7 33. Qa8 Qd6+ 34. Kh3 h5 35. Qb7+ Kg6 36. Qe4+ Kh6 37.
Qe3+ g5 38. hxg5+ fxg5 39. g3 Qf6 40. Qa7 g4+ 41. Kh2 Qxb2+ 42. Kh1 Qxa3 43. Qb6+ Kg5 44.
Qd8+ Kf5 45. Qd7+ Ke4 46. Qc6+ Ke3 47. Qh6+ Kf2 48. Qd2+ Kf3 49. Qd1+ Kxg3 50. Qe1+ Kh3 51. Qf1+ Kh4 52. Qf6+ Kg3 53. Qe5+ Kf2 54. Qh2+ Ke1 55.
Qe5+ Kd2 56. Qg5+ Qe3 0-1

[Event "Early-Titled-Tuesday-Blitz-January-30-2024"]
[Site "Chess.com"]
[Date "2024.01.30"]
[Round "10"]
[White "Mesa_1"]
[Black "Alexchess1984"]
[Result "1/2-1/2"]
[WhiteElo "2574"]
[BlackElo "2731"]
[TimeControl "180+1"]
[EndTime "10:02:46 PST"]
[Termination "Game drawn by repetition"]

1. e4 c5 2. Nf3 Nc6 3. Bb5 Nf6 4. Bxc6 dxc6 5. d3 Bg4 6. h3 Bh5 7. Nbd2 Nd7 8. g4 Bg6 9. Qe2 e5 10. Nc4 f6 11. Nh4 Bf7 12. Be3 Qc7 13. Rf1 O-O-O 14.
f4 Bxc4 15. dxc4 exf4 16. Bxf4 Bd6 17. Bxd6 Qxd6 18. Nf5 Qe5 19. O-O-O g6 20. Nd6+ Kc7 21. Nf7 Qe6 22. Nxd8 Rxd8 23. Qh2+ Kc8 24. Rd6 Qxc4 25. Rfd1 Qxa2 26. c3 Qa1+ 27. Kc2 Qa4+ 28. Kb1 Qxe4+ 29.
Kc1 a5 30. Qd2 Qe7 31. Qd3 Kc7 32. Qg3 Kc8 33. Qg2 Kc7 34. R6d2 a4 35. Kb1 c4 36. Qg3+ Kc8 37. Ka2 Qc5 38. Rd6 Qb5 39. Qf2 Qb3+ 40. Kb1 a3 41. Qd2 Qxb2+ 42. Qxb2 axb2 43. Kxb2 Kc7 44. Kb1 b5 45. R1d2 f5 46. gxf5 gxf5 47. Kc1 f4 48. Rh6 Rh8 49. Rf2 Ne5 50. Kc2 Nd3 51.
Re2 f3 52. Ree6 f2 53. Rxc6+ Kd7 54. Rcd6+ Ke7 55. Rde6+ Kf7 56. Rhf6+ Kg7 57. Rf5 Ra8 58. Kb1 b4 59. cxb4 Ra3 60. Re4 Rb3+ 61. Kc2 Rxb4 62. Rg4+ Kh6 63. Rf6+ Kh5 64. Rf5+ Kh6 65. Rf6+ Kh5 66. Rf5+ Kh6 1/2-1/2

[Event "Early-Titled-Tuesday-Blitz-January-30-2024"]
[Site "Chess.com"]
[Date "2024.01.30"]
[Round "10"]
[White "ChessLebaneseSalah"]
[Black "Attacks_Hurricane"]
[Result "0-1"]
[WhiteElo "2454"]
[BlackElo "2296"]
[TimeControl "180+1"]
[EndTime "10:02:46 PST"]
[Termination "Attacks_Hurricane won on time"]

1. e4 c5 2. Nf3 a6 3. d4 cxd4 4. Nxd4 Nf6 5. Nc3 e5 6. Nde2 Bc5 7.
Ng3 O-O 8. Be2 d6 9. Bg5 h6 10. Bxf6 Qxf6 11. O-O Be6 12. Bg4 Nc6 13. Nd5 Bxd5 14.
exd5 Ne7 15. Ne4 Qg6 16. Nxc5 dxc5 17. c4 f5 18. Bh5 Qd6 19. Qb3 b6 20. a4 a5 21.
Rfe1 g6 22. Qc3 gxh5 23. Rxe5 Rf6 24. Rae1 Kf7 25. Re6 Rxe6 26. Rxe6 Qxe6 27. dxe6+ Kxe6 28. Qe3+ Kf6 29. Qxh6+ Ng6 30. Qxh5 Re8 31. g3 Re1+ 32. Kg2 Re4 33. Qd1 Rd4 34. Qc2 f4 35. h4 Ne5 36. b3 f3+ 37. Kh3 Rd3 38. Qc1 Rd4 39.
Qh6+ Ke7 40. Qxb6 Rd1 41. Qxc5+ Kf6 42. Qf8+ Ke6 43. g4 Rh1+ 44. Kg3 Rg1+ 45. Kh2 Rg2+ 46.
Kh1 Rxg4 47. Qc8+ Kf6 48. c5 Rxh4+ 49. Kg1 Rg4+ 50. Kf1 Rd4 51. Ke1 Nd3+ 52. Kf1 Ne5 53. Qh8+ Kf5 54. Qh5+ Ke4 55. Qh4+ Kd5 56. Qxd4+ Kxd4 0-1

[Event "Early-Titled-Tuesday-Blitz-January-30-2024"]
[Site "Chess.com"]
[Date "2024.01.30"]
[Round "10"]
[White "lularobs"]
[Black "Better_Chess_Faster"]
[Result "0-1"]
[WhiteElo "1583"]
[BlackElo "2138"]
[TimeControl "180+1"]
[EndTime "10:02:46 PST"]
[Termination "Better_Chess_Faster won on time"]

1. e4 Nf6 2. e5 Nd5 3. d4 d6 4. Nc3 Nxc3 5. bxc3 dxe5 6. Bd3 exd4 7. cxd4 g6 8. Nf3 Bg7 9. c3 c5 10. Be3 O-O 11.
O-O cxd4 12. Bxd4 Bg4 13. Be2 Nc6 14. Bxg7 Kxg7 15. h3 Bxf3 16. Bxf3 Qxd1 17. Rfxd1 Rfd8 18. Rab1 Rab8 19. Rxd8 Nxd8 20. Re1 Kf6 21. c4 b6 22. Rd1 Ne6 23. Rd7 a5 24. Rd2 b5 25. cxb5 Rxb5 26.
Bd5 Rb1+ 27. Kh2 Rb5 28. Bb3 Rb4 29. Rd5 a4 30. Bd1 Rb2 31. Bxa4 Rxa2 32. Bb3 Rxf2 33. Rd7 Nf4 34. Bd5 Nxd5 35. Rxd5 e6 36. Rd3 h5 37.
Kg3 Rf5 38. h4 Rd5 39. Rf3+ Kg7 40. Re3 Rd4 41. Kh3 Rg4 42. g3 Rb4 43. Re1 Kf6 44. Rf1+ Ke7 45. Re1 f6 46. Kg2 e5 47. Rd1 Rb3 48. Rc1 Ke6 49. Rc6+ Kf5 50. Rc2 Kg4 51.
Rc4+ Kf5 52. Rc2 Rb4 53. Rf2+ Ke6 54. Rc2 Rb6 55. Rf2 Rd6 56. Kh3 f5 57. Kg2 e4 58.
Re2 Ke5 59. Rb2 Ra6 60. Rb5+ Kd4 61. Rb4+ Kc3 62. Rb5 Ra2+ 63. Kh3 Ra6 64. Rc5+ Kd4 65. Rc8 Ke3 66. Rc3+ Kf2 67. Rc2+ Kf3 68. Rc3+ e3 69. Kh2 Kf2 70. Rc7 e2 0-1

[Event "Early-Titled-Tuesday-Blitz-January-30-2024"]
[Site "Chess.com"]
[Date "2024.01.30"]
[Round "10"]
[White "rasmussvane"]
[Black "Eagle_2019"]
[Result "0-1"]
[WhiteElo "2961"]
[BlackElo "2835"]
[TimeControl "180+1"]
[EndTime "10:02:47 PST"]
[Termination "Eagle_2019 won on time"]

1. Nf3 d5 2. g3 c6 3. Bg2 Bg4 4. O-O Nd7 5. h3 Bxf3 6. Bxf3 e6 7. d4 Bd6 8. e4 Ne7 9. Nd2 O-O 10. c3 a5 11. a4 Bc7 12. Re1 h6 13. Qb3 Rb8 14.
Kg2 e5 15. exd5 exd4 16. cxd4 Nf6 17. dxc6 Nxc6 18. Bxc6 bxc6 19. Qc4 Qd7 20. Nf3 Rb4 21. Qc5 Bb6 22. Qc3 Qd5 23. Be3 Re8 24. Qc2 Ne4 25.
Kh2 Bc7 26. Nd2 Nd6 27. Rac1 Nf5 28. Nf1 Nh4 29. Qxc6 Nf3+ 30. Kh1 Qxc6 31. Rxc6 Nxe1 32. Rxc7 Rxb2 33. Rc5 Nd3 34. Rf5 g6 35. Rf3 Ra2 36.
Kg1 Rxa4 37. Bxh6 Rxd4 38. Ne3 a4 39. Ng4 Re1+ 40. Kh2 f5 41. Ne3 a3 42. Nc2 a2 43.
Nxe1 a1=Q 44. Nxd3 Qd1 45. Ne5 Re4 46. Re3 Qf1 47.
Ng4 Rxe3 48. Nxe3 Qxf2+ 49. Ng2 Qf3 50. h4 Qg4 51. Bf4 Qf3 52. Ne3 Qe2+ 53. Ng2 Kf7 54. Kh3 Ke6 55. Kh2 Qf3 56. Bg5 Kd5 57. Nf4+ Ke4 58. Kg1 Qxg3+ 59. Ng2 Kf3 0-1

[Event "Early-Titled-Tuesday-Blitz-January-30-2024"]
[Site "Chess.com"]
[Date "2024.01.30"]
[Round "10"]
[White "Ron_Weasley_Chess"]
[Black "Louis-Paulsen-Fan"]
[Result "1/2-1/2"]
[WhiteElo "2428"]
[BlackElo "2283"]
[TimeControl "180+1"]
[EndTime "10:02:47 PST"]
[Termination "Game drawn by repetition"]

1. Nf3 d5 2. g3 c5 3. c4 e6 4. Bg2 Nc6 5. O-O Nf6 6. cxd5 exd5 7. d4 Be7 8. b3 O-O 9. Bb2 Ne4 10. Nc3 Bf6 11.
e3 Bg4 12. h3 Bxf3 13. Bxf3 cxd4 14. exd4 Bxd4 15. Nxe4 Bxb2 16. Nc5 Bxa1 17. Qxa1 b6 18. Nd3 Re8 19. Nf4 Ne7 20. Qd4 Qd6 21. Rd1 Rad8 22. Nxd5 Nxd5 23. Bxd5 Qc5 24. Qd3 g6 25. Qf3 Qe7 26. Kg2 Kg7 27. Rc1 Qf6 28. Rc7 Re7 29. Rxe7 Qxe7 30. Bc4 Qf6 31. Qe3 Qd4 32. Qe7 Qf6 33.
Qe3 Rd6 34. a4 Rd7 35. Qe8 Re7 36. Qd8 Re5 37. Qc7 Rf5 38. f4 Rc5 39. Qxa7 Rc6 40. Qb7 Rd6 41. Qe4 h5 42. Qe3 h4 43. g4 Rd4 44.
Kf3 Qd6 45. g5 Qc6+ 46. Kg4 Qd7+ 47. Kxh4 Rd1 48. Qe5+ Kg8 49. Qf6 Rd6 50. Qe5 Qc7 51.
Kg4 Rd7 52. Qe8+ Kg7 53. Qe4 Re7 54. Qd4+ Kg8 55. Qf6 Qd7+ 56. Kh4 Re3 57. Qxg6+ Kf8 58. Qh6+ Kg8 59. Qg6+ Kf8 60. Qh6+ Kg8 61. Qg6+ 1/2-1/2

[Event "Early-Titled-Tuesday-Blitz-January-30-2024"]
[Site "Chess.com"]
[Date "2024.01.30"]
[Round "10"]
[White "Jospem"]
[Black "jefferyx"]
[Result "0-1"]
[WhiteElo "3070"]
[BlackElo "3015"]
[TimeControl "180+1"]
[EndTime "10:02:50 PST"]
[Termination "jefferyx won on time"]

1. e4 e5 2. Nf3 Nf6 3. Nc3 Nc6 4. h3 Bb4 5. a3 Bxc3 6. dxc3 d6 7. Bd3 Ne7 8. Qe2 Ng6 9. Be3 Qe7 10. O-O-O h6 11.
Nd2 Nf4 12. Bxf4 exf4 13. Nf3 Nd7 14. Qd2 Qf6 15. Bb5 c6 16. Be2 Nc5 17. Qxd6 Qxd6 18. Rxd6 Nxe4 19. Rd4 f5 20. Bd3 Nxf2 21. Re1+ Kf7 22.
Ne5+ Kf6 23. Rd6+ Ke7 24. Rg6 Nxd3+ 25. Nxd3+ Kf7 26. Ne5+ Kf8 27. Rd6 Ke7 28. Rg6 Kf8 29. c4 c5 30. Rd6 Ke7 31. Rd5 Be6 32. Rxc5 Kf6 33. Rc7 Rab8 34. Nd3 Rhc8 35. Rxe6+ Kxe6 36. Rxg7 Kf6 37. Rh7 Rxc4 38. Rxh6+ Kg5 39. Rh7 Rbc8 40. Ne1 R4c7 41. Nf3+ Kf6 42. Rh6+ Kg7 43. Rh4 Rxc2+ 44. Kb1 Rxg2 45. Rxf4 Rcc2 46. Rb4 Rcf2 47. Rxb7+ Kf6 48. Nd4 f4 49. Rb8 Ke5 50. Nc6+ Kd6 51. Nd4 f3 52. Ka2 Kd5 53. Nf5 Ke4 54. Nd6+ Ke5 55. Nc4+ Kd4 56. Na5 Rxb2+ 57. Rxb2 Rxb2+ 58. Kxb2 f2 59. Nb3+ Ke3 60. h4 f1=Q 61. h5 Qe2+ 62. Kc3 Qd3+ 63.
Kb4 Qd5 64. h6 Qd6+ 65. Nc5 Qxh6 66. Kc4 Qc6 67. a4 a5 0-1